 Dungeon Crawl Stone Soup version 0.29-a0-542-g075992c915 (webtiles) character file.

Game seed: 15664288791847456317

12967 dolemite99 the Spear-Bearer (level 12, -1/95 HPs)
             Began as a Merfolk Fighter on June 3, 2022.
             Was a High Priest of Dithmenos.
             Slain by an Executioner (2 damage)
             ... on level 2 of the Abyss.
             The game lasted 00:16:19 (12733 turns).

dolemite99 the Spear-Bearer (Merfolk Fighter)      Turns: 12733, Time: 00:16:19

Health: -1/95      AC: 14    Str: 19    XL:     12   Next: 1%
Magic:  12/12      EV: 17    Int:  8    God:    Dithmenos [*****.]
Gold:   365        SH: 10    Dex: 15    Spells: 11/11 levels left

rFire   . . .      SeeInvis .   b - +6 demon trident (venom)
rCold   + . .      Faith    .   c - +0 buckler
rNeg    . . .      Spirit   .   M - +0 swamp dragon scales
rPois   +          Reflect  +   K - +1 hat
rElec   .          Harm     .   H - +1 cloak
rCorr   +          Rampage  .   (no gloves)
Will    .....                   j - +1 pair of boots
Stlth   +.........              k - amulet "Ziupezit" {Reflect rPois rC+ SH+5}
HPRegen 0.25/turn               f - ring of poison resistance
MPRegen 0.13/turn               J - ring of resist corrosion

@: wreathed by umbra
A: (nimble swimmer 2), mertail, screaming 1
a: Renounce Religion, Shadow Step, Shadow Form


You were on level 2 of the Abyss.
You worshipped Dithmenos.
Dithmenos was extremely pleased with you.
You visited 1 branch of the dungeon, and saw 11 of its levels.
You visited the Abyss 1 time.
You also visited: Sewer.

You collected 749 gold pieces.
You spent 384 gold pieces at shops.

Inventory:

Hand Weapons
 a - a +4 vampiric halberd
 b - a +6 demon trident of venom (weapon)
 l - a +0 trident
 v - a +2 trident of protection
Missiles
 h - 150 stones
 i - 3 boomerangs (quivered)
 E - 12 poisoned darts
 O - 2 throwing nets
Armour
 c - a +0 buckler (worn)
 j - a +1 pair of boots (worn)
 w - a +3 chain mail
 H - a +1 cloak (worn)
 K - a +1 hat (worn)
 M - +0 swamp dragon scales (worn)
Jewellery
 f - a ring of poison resistance (left hand)
 k - the amulet "Ziupezit" (around neck) {Reflect rPois rC+ SH+5}
   (You acquired it on level 2 of the Dungeon)

   [amulet of reflection]

   It reflects blocked missile attacks.
   rC:        It protects you from cold.
   rPois:     It protects you from poison.
   SH:        It affects your SH (+5).
 u - an amulet of regeneration
 y - a ring of positive energy
 B - an amulet of faith
 J - a ring of resist corrosion (right hand)
 N - a ring of flight
 W - a ring of see invisible
Wands
 m - a wand of polymorph (12)
 G - a wand of flame (7)
 R - a wand of iceblast (17)
Scrolls
 e - 2 scrolls of fog
 q - 8 scrolls of teleportation
 r - 5 scrolls of magic mapping
 t - 4 scrolls of identify {@r1}
 D - 2 scrolls of fear
 P - a scroll of enchant armour
 Q - a scroll of amnesia
 S - a scroll of immolation {unknown}
 V - a scroll of noise {unknown}
 X - a scroll of vulnerability
Potions
 d - a potion of might
 o - 6 potions of flight {unknown}
 p - 6 potions of degeneration {unknown}
 s - 2 potions of invisibility {unknown}
 z - 4 potions of cancellation {unknown}
 A - a potion of ambrosia {unknown}
 C - a potion of mutation {unknown}
 F - 4 potions of brilliance {unknown}
 I - a potion of berserk rage {unknown}
 T - a potion of heal wounds {unknown}
 Y - a potion of lignification {unknown}


   Skills:
 - Level 9.2 Fighting
 - Level 14.8 Polearms
 - Level 6.0 Throwing
 - Level 5.0 Armour
 - Level 13.0 Dodging
 - Level 4.0 Shields
 + Level 2.6 Evocations


You had 11 spell levels left.
You didn't know any spells.
Your spell library contained the following spells:

 Spells                   Type           Power      Damage    Failure   Level
 Shock                    Conj/Air       0%         1d3       67%         1
 Ensorcelled Hibernation  Hex/Ice        0%         N/A       80%         2
 Passwall                 Tmut/Erth      0%         N/A       80%         2
 Poisonous Vapours        Pois/Air       0%         N/A       80%         2
 Sublimation of Blood     Necr           0%         N/A       80%         2
 Wereblood                Tmut           0%         N/A       80%         2
 Conjure Flame            Conj/Fire      0%         6-21      95%         3
 Ignite Poison            Fire/Tmut/Pois 0%         N/A       95%         3
 Swiftness                Air            0%         N/A       95%         3
 Airstrike                Air            0%         N/A       100%        4
 Animate Dead             Necr           0%         N/A       100%        4
 Corpse Rot               Necr/Pois/Air  0%         N/A       100%        4
 Sticky Flame             Conj/Fire      0%         2d3       100%        4
 Borgnjor's Vile Clutch   Necr/Erth      0%         N/A       100%        5
 Death Channel            Necr           0%         N/A       100%        6
 Summon Hydra             Summ           0%         N/A       100%        7


Dungeon Overview and Level Annotations

Branches:
Dungeon (11/15)            Temple (0/1) D:5            Lair (0/6) D:11
    Orc (0/2) D:10          Sewer (visited)

Altars:
Dithmenos
Gozag
Ru
Trog
Vehumet
Wu Jian

Shops:
D:2 ?

Annotations:
D:3 exclusion: statue
D:11 Erolcha


Innate Abilities, Weirdness & Mutations

((You are very nimble when in or above water. (Stealth+, EV+, Speed+++)))
Your lower body shifts to a powerful aquatic tail in water.
You occasionally shout uncontrollably at your foes.


Message History

The Executioner closely misses you.
The Executioner hits you but does no damage.
The Executioner barely misses you.
The Executioner hits you but does no damage.
You block the Executioner's attack. The Executioner barely misses you.
The Executioner hits you but does no damage.
The Executioner misses you. The Executioner hits you.
* * * LOW HITPOINT WARNING * * *
You block the Executioner's attack. The Executioner hits you!
* * * LOW HITPOINT WARNING * * *
You block the Executioner's attack. x2; The Executioner barely misses you.
You block the Executioner's attack.
The Executioner hits you but does no damage.
You closely miss the Executioner. You block the Executioner's attack. x3
The Executioner hits you.
* * * LOW HITPOINT WARNING * * *
The Executioner misses you. You block the Executioner's attack.
You barely miss the Executioner. The Executioner barely misses you.
You block the Executioner's attack. The Executioner closely misses you.
You barely miss the Executioner. The Executioner barely misses you.
The Executioner hits you but does no damage.
The Executioner hits you.
* * * LOW HITPOINT WARNING * * *
The Executioner closely misses you. The Executioner misses you.
You block the Executioner's attack.
Unknown command.
You hit the Executioner.
The Executioner is lightly wounded.
The Executioner closely misses you.
The Executioner hits you but does no damage. x2
You block the Executioner's attack. The Executioner misses you.
The Executioner hits you but does no damage.
Unknown command.
You closely miss the Executioner.
The Executioner is lightly wounded.
The Executioner barely misses you. You block the Executioner's attack.
The Executioner hits you but does no damage.
The Executioner hits you.
You die...

### #@# ###
#1# # # #
#.####X#... #
### #.##.#
X........
..#.X....##.#
...# ##..#. #X
........ . #
..
....###.#....#
#....##..#.
#.#....# ##
###.#.#.#
.....


You could see an Executioner (fast) and 2 large abominations.

Vanquished Creatures
  Gastronok (D:8)
  A blizzard demon (Abyss:1)
  Harold (D:9)
  A rakshasa (Abyss:2)
  3 two-headed ogres
  A thrashing horror (Abyss:2)
  Sonja (D:10)
  An orb spider (Abyss:1)
  Pikel (D:9)
  A cyclops (D:11)
  Maggie (D:9)
  A smoke demon (Abyss:1)
  An efreet (D:11)
  A troll (D:9)
  A wraith (D:11)
  2 small abominations (Abyss:2)
  23 yaks
  A wyvern (D:9)
  A chaos spawn (Abyss:1)
  Duvessa (D:4)
  A water moccasin (D:4)
  3 orc warriors
  2 black bears
  3 ogres
  An ice beast (D:6)
  A fire dragon simulacrum (Abyss:1)
  6 centaurs
  A lemure (D:9)
  A phantom (D:5)
  5 bullfrogs
  4 necrophages (D:5)
  3 scorpions
  5 wights (D:7)
  Dowan (D:4)
  3 killer bees (D:9)
  2 howler monkeys (D:11)
  2 jellies
  A hound (D:7)
  4 orc priests
  3 gnoll shamans
  Jessica (D:2)
  3 iguanas
  13 orc wizards
  17 gnolls
  6 adders
  A river rat (D:6)
  A white imp (Abyss:1)
  An ufetubus (Abyss:2)
  2 worms
  3 dart slugs
  35 orcs
  20 ball pythons
  8 bats
  23 endoplasms
  10 giant cockroaches
  8 goblins
  7 hobgoblins
  4 jackals
  11 quokkas
  15 frilled lizards
  5 kobolds
  5 rats
  A bush (D:2)
297 creatures vanquished.

Vanquished Creatures (others)
  A large abomination (Abyss:1)
  An orc priest (D:9)
  An orc wizard (D:9)
  An orc (D:9)
  A fungus (D:11)
5 creatures vanquished.

Grand Total: 302 creatures vanquished

Notes
Turn   | Place    | Note
-------+----------+-------------------------------------------
     0 | D:1      | dolemite99 the Merfolk Fighter began the quest for the Orb.
     0 | D:1      | Reached XP level 1. HP: 18/18 MP: 1/1
    71 | D:1      | Reached skill level 3 in Polearms
   182 | D:1      | Reached XP level 2. HP: 24/24 MP: 2/2
   293 | D:1      | Reached skill level 4 in Polearms
   529 | D:1      | Reached XP level 3. HP: 15/29 MP: 3/3
  1000 | D:1      | Reached skill level 5 in Polearms
  1212 | D:2      | Identified 2 scrolls of acquirement
  1212 | D:2      | Acquired a +4 antimagic halberd
  1220 | D:2      | Acquired the amulet "Ziupezit" {Reflect rPois rC+ SH+5}
  1643 | D:2      | Found Dimiy's Magic Scroll Shoppe.
  1648 | D:2      | Bought a scroll of identify for 24 gold pieces
  1650 | D:2      | Reached skill level 14 in Polearms
  1650 | D:2      | Reached XP level 4. HP: 35/35 MP: 4/4
  1661 | D:2      | Bought a scroll of fog for 24 gold pieces
  2335 | D:2      | Noticed Jessica
  2342 | D:2      | Killed Jessica
  2343 | D:2      | Reached XP level 5. HP: 42/42 MP: 5/5
  2546 | D:3      | Found a shadowy altar of Dithmenos.
  2548 | D:3      | Found a bloodstained altar of Trog.
  2564 | D:3      | Became a worshipper of Dithmenos the Shadowed
  2868 | D:3      | Found a radiant altar of Vehumet.
  2871 | D:3      | Noticed a frost-covered statue
  3234 | D:4      | Noticed an ogre
  3242 | D:4      | Killed an ogre
  3243 | D:4      | Reached XP level 6. HP: 49/49 MP: 6/6
  3391 | D:4      | Noticed a water moccasin
  3402 | D:4      | Killed a water moccasin
  3403 | D:4      | Reached skill level 5 in Fighting
  3816 | D:4      | Reached XP level 7. HP: 52/57 MP: 7/7
  3908 | D:4      | Noticed Duvessa
  3920 | D:4      | Killed Duvessa
  3920 | D:4      | Noticed Dowan
  3924 | D:4      | Killed Dowan
  3973 | D:4      | Found an ornate altar of the Wu Jian Council.
  4432 | D:5      | Entered Level 5 of the Dungeon
  4490 | D:5      | Reached * piety under Dithmenos
  4499 | D:5      | Reached XP level 8. HP: 67/67 MP: 8/8
  4566 | D:5      | Found a staircase to the Ecumenical Temple.
  5230 | D:6      | Reached ** piety under Dithmenos
  5355 | D:6      | Found a glowing drain.
  5384 | Sewer    | Entered a sewer
  5761 | Sewer    | Reached *** piety under Dithmenos
  5897 | Sewer    | Reached XP level 9. HP: 72/76 MP: 9/9
  6177 | D:6      | Reached skill level 1 in Dodging
  6958 | D:2      | Bought a scroll of fear for 42 gold pieces
  6958 | D:2      | Bought a scroll of teleportation for 36 gold pieces
  6958 | D:2      | Bought a scroll of magic mapping for 42 gold pieces
  6958 | D:2      | Bought a scroll of enchant armour for 90 gold pieces
  7236 | D:7      | Reached skill level 5 in Dodging
  7866 | D:7      | Found an opulent altar of Gozag.
  8020 | D:8      | Noticed Gastronok
  8047 | D:8      | Killed Gastronok
  8048 | D:8      | Reached XP level 10. HP: 83/83 MP: 10/10
  8248 | D:8      | Reached skill level 10 in Dodging
  8504 | D:8      | Found a sacrificial altar of Ru.
  8971 | D:9      | Noticed Maggie
  8986 | D:9      | Killed Maggie
  9304 | D:9      | Noticed a two-headed ogre
  9326 | D:9      | Reached XP level 11. HP: 89/89 MP: 11/11
  9334 | D:9      | Killed a two-headed ogre
  9334 | D:9      | Reached **** piety under Dithmenos
  9335 | D:9      | Reached skill level 5 in Armour
  9369 | D:9      | Noticed Harold
  9380 | D:9      | Noticed Pikel
  9396 | D:9      | Killed Harold
  9401 | D:9      | Killed Pikel
  9465 | D:9      | Noticed a two-headed ogre
  9624 | D:9      | Acquired a +6 demon trident of venom
  9764 | D:10     | Entered Level 10 of the Dungeon
  9959 | D:10     | Noticed Sonja
  9965 | D:10     | Killed Sonja
  9966 | D:10     | Reached skill level 1 in Throwing
 10031 | D:10     | Found a staircase to the Orcish Mines.
 10138 | D:10     | Noticed a two-headed ogre
 10145 | D:10     | Killed a two-headed ogre
 10172 | D:10     | Noticed a two-headed ogre
 10190 | D:10     | Killed a two-headed ogre
 10287 | D:10     | Reached ***** piety under Dithmenos
 10816 | D:2      | Bought 3 scrolls of magic mapping for 126 gold pieces
 11003 | D:11     | Found a staircase to the Lair.
 11030 | D:11     | Reached skill level 5 in Throwing
 11577 | D:11     | Noticed a cyclops
 11592 | D:11     | Killed a cyclops
 11662 | D:11     | Reached skill level 1 in Evocations
 11687 | D:11     | Reached XP level 12. HP: 80/95 MP: 12/12
 11798 | D:11     | Noticed Erolcha
 11809 | D:11     | Cast into level 1 of the Abyss (Erolcha)
 11934 | Abyss:1  | Found a corrupted altar of Lugonu.
 11948 | Abyss:1  | Noticed a blizzard demon
 11968 | Abyss:1  | Killed a blizzard demon
 12267 | Abyss:1  | Gained mutation: You occasionally shout uncontrollably at
                  | your foes. [a neqoxec]
 12326 | Abyss:2  | Noticed a thrashing horror
 12345 | Abyss:2  | Killed a thrashing horror
 12390 | Abyss:2  | Noticed a rakshasa
 12427 | Abyss:2  | Killed a rakshasa
 12492 | Abyss:2  | Noticed a wretched star
 12545 | Abyss:2  | Noticed a quicksilver ooze
 12550 | Abyss:2  | Noticed a minotaur
 12550 | Abyss:2  | a quicksilver ooze changed into a minotaur
 12553 | Abyss:2  | Noticed an alligator snapping turtle
 12553 | Abyss:2  | a minotaur changed into an alligator snapping turtle
 12565 | Abyss:2  | Noticed a quicksilver dragon
 12568 | Abyss:2  | Noticed an azure jelly
 12568 | Abyss:2  | a quicksilver dragon changed into an azure jelly
 12600 | Abyss:2  | Noticed a tentacled starspawn
 12720 | Abyss:2  | Noticed an Executioner
 12723 | Abyss:2  | Noticed a large abomination
 12729 | Abyss:2  | HP: 3/95 [Executioner (3)]
 12731 | Abyss:2  | HP: 1/95 [Executioner (2)]
 12733 | Abyss:2  | Slain by an Executioner

Illustrated notes

Levels and vault maps discovered:
D:1:      sevenhm_arrival_forest_fort_large_2, layout_basic
D:2:      layout_basic, serial_forest, infiniplex_forest_straight_3,
          infiniplex_forest_lined_room_2, infiniplex_forest_end_3,
          infiniplex_forest_clump_diagonal, infiniplex_forest_clump_medium,
          infiniplex_forest_lined_corner, infiniplex_forest_lined_room_3,
          infiniplex_forest_end_3, serial_shops, nicolae_shop_hallway_plus,
          uniq_jessica
D:3:      layout_loops_ring, vehumet_statue,
          chequers_temple_overflow_statue_of_worship, serial_rivers,
          chequers_serial_rivers_micro_b, chequers_serial_rivers_micro_e,
          chequers_serial_rivers_large_a, chequers_serial_rivers_small_3,
          chequers_serial_rivers_small_3
D:4:      layout_basic, nicolae_wu_jian_immortal_techniques, uniq_duvessa
D:5:      layout_basic, minmay_temple_entry_waves
D:6:      layout_basic, cheibrodos_sewer_entry_sluice
D:7:      layout_basic, nicolae_gozag_seed_capital
D:8:      layout_loops_ring, lemuel_crystal_altar, uniq_gastronok
D:9:      layout_basic, feat_on_display, uniq_harold, uniq_pikel, uniq_maggie
D:10:     layout_long_grid, hiddenorc1_lemuel, st_stairs_7, uniq_sonja
D:11:     layout_irregular_city, grunt_lair_entry_orc_guard_hut, uniq_erolcha
Abyss:2:  base: D:4, evilmike_abyss_exit_2

Skill      XL: |  1  2  3  4  5  6  7  8  9 10 11 |
---------------+----------------------------------+-----
Polearms       | 3 4 14 | 14.8
Fighting       | 4 5 7 9 |  9.2
Armour         | 3 4 5 |  5.0
Dodging        | 8 11 13 | 13.0
Throwing       | 6 |  6.0
Shields        | 4 |  4.0
Evocations     | 2 |  2.6

Action                   |  1- 3 |  4- 6 |  7- 9 | 10-12 || total
-------------------------+-------+-------+-------+-------++-------
Melee: Trident           |   102 |       |       |       ||   102
       Halberd           |     9 |    82 |   294 |   250 ||   635
       Tailslap          |       |       |     7 |       ||     7
       Demon trident     |       |       |       |   181 ||   181
Throw: Stone             |    28 |    16 |    59 |     8 ||   111
       Dart              |       |       |    17 |       ||    17
       Boomerang         |       |       |       |    32 ||    32
Evoke: Wand              |       |       |       |    13 ||    13
  Use: Scroll            |     7 |       |     7 |     8 ||    22
       Potion            |     1 |       |     1 |    18 ||    20
Armor: Scale mail        |    38 |    14 |       |       ||    52
       Plate armour      |       |       |    76 |       ||    76
       Chain mail        |       |       |    40 |    23 ||    63
       Swamp dragon scal |       |       |       |    91 ||    91
Dodge: Dodged            |    30 |    14 |    71 |   257 ||   372
Block: Buckler           |    28 |       |       |    93 ||   121
       Other             |     2 |     9 |    61 |    25 ||    97
       Reflection        |     2 |       |     2 |     2 ||     6

Table legend: (Time is in decaauts)
 A = Elapsed time spent in this place.
 B = Non-inter-level travel time spent in this place.
 C = Inter-level travel time spent in this place.
 D = Time resting spent in this place.
 E = Time spent auto-exploring this place.
 F = Levels seen in this place.
 G = Mean time per level.
                   A        B        C        D        E       F      G
               +--------+--------+--------+--------+--------+-----+--------+
         Total |  12392 |  11408 |    984 |   2557 |   6396 |  14 |  885.1 |
       Dungeon |  11026 |  10042 |    984 |   1937 |   6197 |  11 | 1002.4 |
         Abyss |    870 |    870 |      0 |    515 |     64 |   2 |  435.0 |
         Sewer |    495 |    495 |      0 |    105 |    134 |   1 |  495.0 |
               +--------+--------+--------+--------+--------+-----+--------+

Top non-repeatable levels by time:
     D:2: 1457 daAuts
     D:4: 1293 daAuts
    D:10: 1264 daAuts
     D:6: 1229 daAuts
     D:1: 1229 daAuts
     D:8: 1060 daAuts
     D:7: 861 daAuts
     D:9: 761 daAuts
     D:3: 752 daAuts
     D:5: 658 daAuts
   Sewer: 495 daAuts
 Abyss:1: 470 daAuts
    D:11: 456 daAuts
 Abyss:2: 400 daAuts
